 Dungeon Crawl Stone Soup version 0.31-a0-1204-ge2c1a860ed (webtiles) character file.

Game seed: 12707949163930640514

259698 quinnr the Ruinous (level 19, -16/119 HPs)
             Began as a Tengu Air Elementalist on Dec 11, 2023.
             Was the Champion of Vehumet.
             Killed from afar by a war gargoyle (35 damage)
             ... with a spray of metal splinters
             ... led by a peacekeeper
             ... on level 2 of the Vaults on Dec 13, 2023.
             The game lasted 02:18:29 (59558 turns).

quinnr the Ruinous (Tengu Air Elementalist)        Turns: 59558, Time: 02:18:30

Health: -16/119    AC: 10    Str: 10    XL:     19   Next: 91%
Magic:  19/37      EV: 43    Int: 22    God:    Vehumet [******]
Gold:   4280       SH:  7    Dex: 23    Spells: 7/44 levels left

rFire   + + .        t - staff of air {!a}
rCold   + + +        q - +1 buckler {reflect}
rNeg    . . .        x - +3 leather armour {rC+ rF+}
rPois   +            y - +1 hat
rElec   +            I - scarf of Gluttony {rC+ rF+, rElec Dex+8}
rCorr   .            J - +2 pair of gloves
SInv    .            (boots unavailable)
Will    +....        L - amulet of magic regeneration
Stlth   ++++         c - ring of protection from cold
HPRegen 0.39/turn    P - ring of poison resistance
MPRegen 0.65/turn

%: reflection, acrobat
@: acrobatic, flying, studying 2 skills
A: beak, talons 3, evasive flight, acrobatic
}: 2/15 runes: decaying, serpentine
a: Renounce Religion


You were on level 2 of the Vaults.
You worshipped Vehumet.
Vehumet was exalted by your worship.
You visited 8 branches of the dungeon, and saw 35 of its levels.
You also visited: Ice Cave.

You collected 4709 gold pieces.
You spent 429 gold pieces at shops.


Innate Abilities, Weirdness & Mutations

You have a beak for a mouth.
You have claws for feet.
Your magical flight helps you evade attacks. (EV +4)
You can magically evade attacks while moving or waiting.


   Skills:
 + Level 13.1 Fighting
 - Level 5.0 Short Blades
 - Level 4.0 Armour
 + Level 16.0 Dodging
 + Level 6.3 Stealth
 - Level 4.0 Shields
 - Level 13.0 Spellcasting
 - Level 24.0 Conjurations
 - Level 9.0 Summonings
 - Level 10.0 Ice Magic
 - Level 12.0 Air Magic
 - Level 6.0 Poison Magic
 - Level 5.0 Evocations


You had 7 spell levels left.
You knew the following spells:

 Your Spells              Type           Power      Damage    Failure   Level
a - Airstrike             Air            39%        2d(6-22)  1%          4
d - Orb of Destruction    Conj           44%        9d12      1%          7
f - Freezing Cloud        Conj/Ice/Air   44%        6-21      1%          5
i - Swiftness             Air            79%        N/A       1%          3
l - Summon Lightning Spi  Summ/Air       74%        N/A       1%          4
m - Mephitic Cloud        Conj/Pois/Air  85%        N/A       1%          3
X - Conjure Ball Lightni  Conj/Air       48%        3x3d17    1%          6
Y - Arcjolt               Conj/Air       48%        1d58      1%          5

Your spell library contained the following spells:

 Spells                   Type           Power      Damage    Failure   Level
 Chain Lightning          Conj/Air       48%        3d64      75%         9
 Fire Storm               Conj/Fire      30%        8d8       100%        9
 Polar Vortex             Ice            27%        12d3*     100%        9
 Shock                    Conj/Air       100%       1d9       0%          1
 Static Discharge         Conj/Air       100%       3-8/arc   0%          2
 Hailstorm                Conj/Ice       73%        3d13      0%          3
 Iskenderun's Battlesphe  Conj           88%        2d14      0%          5
 Freeze                   Ice            100%       1d10      1%          1
 Cigotuvi's Dreadful Rot  Necr/Pois/Air  100%       N/A       1%          2
 Poisonous Vapours        Pois/Air       100%       N/A       1%          2
 Call Canine Familiar     Summ           52%        N/A       1%          3
 Frozen Ramparts          Ice            100%       1d16      1%          3
 Stone Arrow              Conj/Erth      100%       3d13      1%          3
 Brom's Barrelling Bould  Conj/Erth      61%        2d8       1%          4
 Olgreb's Toxic Radiance  Pois           40%        N/A       1%          4
 Fireball                 Conj/Fire      30%        3d13      1%          5
 Sandblast                Erth           28%        2d8       2%          1
 Sting                    Tmut/Pois      100%       1d8       2%          1
 Slow                     Hex            56%        N/A       9%          1
 Passwall                 Tmut/Erth      11%        N/A       13%         2
 Animate Armour           Summ/Erth      68%        N/A       13%         4
 Confusing Touch          Hex            14%        N/A       26%         3
 Sigil of Binding         Hex            14%        N/A       26%         3
 Vampiric Draining        Necr           14%        2d7       26%         3
 Summon Cactus Giant      Summ           26%        N/A       32%         6
 Summon Forest            Summ/Tloc      17%        N/A       36%         5
 Summon Mana Viper        Hex/Summ       34%        N/A       36%         5
 Lee's Rapid Deconstruct  Erth           7%         3d6*      50%         5
 Anguish                  Hex/Necr       7%         N/A       63%         4
 Cause Fear               Hex            7%         N/A       63%         4
 Dimensional Bullseye     Hex/Tloc       7%         N/A       63%         4
 Dispel Undead            Necr           14%        3d10      63%         4
 Leda's Liquefaction      Hex/Erth       7%         N/A       63%         4
 Death Channel            Necr           7%         N/A       100%        6
 Enfeeble                 Hex            7%         N/A       100%        7
 Haunt                    Necr/Summ      17%        N/A       100%        7
 Dragon's Call            Summ           26%        N/A       100%        9

Inventory:

Hand Weapons
 G - a +5 heavy dagger
 X - the +4 long sword "Egg" {venom, rC+ rCorr}
   (You found it on level 4 of the Lair of Beasts)

   rC+:       It protects you from cold.
   rCorr:     It protects you from acid and corrosion.
Missiles
 j - 9 atropa-tipped darts
 U - 10 throwing nets {=f}
Armour
 a - a +2 robe of positive energy
 q - a +1 buckler of reflection (worn)
 x - a +3 leather armour of resistance (worn)
 y - a +1 hat (worn)
 F - a +1 pair of gloves of hurling
 I - the scarf of Gluttony (worn) {rC+ rF+, rElec Dex+8}
   (You acquired it on level 4 of the Lair of Beasts)

   Dex+8:     It affects your dexterity (+8).
   rElec:     It insulates you from electricity.
 J - a +2 pair of gloves (worn)
Magical Staves
 t - a staff of air (weapon) {!a}
Jewellery
 c - a ring of protection from cold (left hand)
 L - an amulet of magic regeneration (around neck)
 M - a ring of magical power
 N - a ring of positive energy
 P - a ring of poison resistance (right hand)
 V - a ring of protection from cold
Wands
 E - a wand of flame (48)
 H - a wand of roots (16)
 O - a wand of mindburst (8)
 Q - a wand of light (3)
 R - a wand of charming (8)
Scrolls
 g - 9 scrolls of fog
 i - a scroll of vulnerability
 l - 6 scrolls of revelation
 p - 2 scrolls of butterflies
 u - 17 scrolls of teleportation {@r2}
 v - a scroll of immolation
 w - a scroll of enchant weapon
 C - 3 scrolls of noise
 D - 2 scrolls of blinking
Potions
 b - 2 potions of magic
 e - 7 potions of curing {@q1}
 f - a potion of lignification
 h - a potion of invisibility
 k - a potion of brilliance
 n - a potion of haste {@q3}
 o - 11 potions of heal wounds {@q2}
 r - 2 potions of cancellation
 z - a potion of attraction
 A - 3 potions of might
 B - 2 potions of enlightenment
 K - 4 potions of mutation
 S - 2 potions of resistance
 Y - 2 potions of berserk rage {!q}
Miscellaneous
 d - a phantom mirror (inert)
 m - a lightning rod (4/4)
 s - a phial of floods

Dungeon Overview and Level Annotations

Branches:
Dungeon (15/15)            Temple (1/1) D:4            Lair (5/5) D:11
  Swamp (4/4) Lair:2        Snake (4/4) Lair:2        Slime (0/5) Lair:5
    Orc (2/2) D:9             Elf (0/3) Orc:2        Vaults (3/5) D:14
 Depths (1/4) D:15          IceCv (visited)
  Crypt: Vaults:2-3

Altars:
Ashenzari
Cheibriados
Dithmenos
Elyvilon
Fedhas
Gozag
Hepliaklqana
Kikubaaqudgha
Makhleb
Nemelex Xobeh
Okawaru
Qazlal
Ru
Sif Muna
Trog
Uskayaw
Vehumet
Wu Jian
Xom
Yredelemnul
Zin
The Shining One
Jiyva

Shops:
D:2 *   D:7 =   D:9 ?   D:13 [   Orc:1 [:!(   Orc:2 ***(   Snake:3 [*
Vaults:1 *   Vaults:2 *

Portals:
Trove: D:13 (give +5 demon blade)

Annotations:
D:15 exclusion: downstairs
Snake:1 exclusion: downstairs
Depths:1 !BALRUG ENTRANCE

.▒.▒
▒......▒..▒..▒..▒
.▒.▒
▒......'..').'..▒
.▒^▒
▒......▒..▒..▒..▒
.▒.▒
▒▒▒▒▒▒▒▒..▒..▒..▒
...▒
▒▒▒▒▒▒▒▒..▒..▒C.▒
▒......▒..▒..▒..▒
▒......▒..▒..▒..▒
▒......▒..▒..▒..▒
▒(.....▒@<▒..▒..+
▒......'..▒..▒
▒....9.▒..▒
▒....99▒▒▒▒
▒....§§▒ ▒▒▒▒'§§▒
▒.§§. ▒§.p9.
▒......


You could see a crystal guardian (strong) and 2 war gargoyles.


Message History

Aiming: Orb of Destruction (mildly dangerous; 1% risk of failure)
Press: ? - help, Shift-Dir - straight line, f/p - war gargoyle
Aim: a war gargoyle, wielding a +0 morningstar (severely damaged, strong, catching its breath)
The wavering orb of destruction weakly hits the peacekeeper!
The peacekeeper is almost destroyed.
You block the peacekeeper's attack. The peacekeeper claws you!
* * * LOW HITPOINT WARNING * * *
The peacekeeper is engulfed in freezing vapours.
The peacekeeper bites your war gargoyle.
The peacekeeper claws your war gargoyle but does no damage.
The war gargoyle completely misses you.
Your war gargoyle hits the ironbound frostheart with a +0 morningstar!!
The ironbound frostheart touches your war gargoyle but does no damage.
The war gargoyle is engulfed in freezing vapours.
Unknown command.
Unknown command.
Your war gargoyle shimmers and vanishes!
The peacekeeper roars a battlecry!
The war gargoyle goes into a battle-frenzy!
There is an open door here.
The ice encasing you melts away.
The peacekeeper hurls a volley of spikes at you.
Your +1 buckler of reflection blocks the volley of spikes... and reflects it back!
The volley of spikes hits the peacekeeper!!
You destroy the peacekeeper!
Vehumet accepts your kill.
You feel your power returning.
The war gargoyle launches metal splinters at you.
The spray of metal splinters hits you!!
You die...

Skill      XL: |  1  2  3  4  5  6  7  8  9 10 11 12 13 14 15 16 17 18 19 |
---------------+----------------------------------------------------------+-----
Air Magic      | 5 6 7 8 9 10 12 | 12.0
Conjurations   | 2 3 4 8 10 12 14 16 18 19 20 21 24 | 24.0
Fighting       | 2 3 5 8 11 12 13 | 13.1
Dodging        | 3 4 5 6 7 8 11 14 15 16 | 16.0
Spellcasting   | 3 5 7 8 9 11 12 13 | 13.0
Evocations     | 3 5 |  5.0
Stealth        | 4 6 |  6.3
Poison Magic   | 4 6 |  6.0
Ice Magic      | 3 6 8 10 | 10.0
Shields        | 4 |  4.0
Short Blades   | 2 5 |  5.0
Summonings     | 2 9 |  9.0
Armour         | 4 |  4.0

Action                     |  1- 3 |  4- 6 |  7- 9 | 10-12 | 13-15 | 16-18 | 19-21 || total
---------------------------+-------+-------+-------+-------+-------+-------+-------++-------
  Melee: Dagger            |       |    22 |       |    36 |    31 |    18 |       ||   107
         Kick              |       |     5 |       |    11 |    21 |    12 |     3 ||    52
         Peck              |       |     1 |       |     9 |    14 |     9 |     5 ||    38
         Punch             |       |       |       |     1 |       |       |       ||     1
         Long sword        |       |       |       |       |     7 |       |       ||     7
         Staff             |       |       |       |       |       |     4 |     8 ||    12
   Cast: Shock             |    70 |   131 |    83 |   111 |    98 |     3 |       ||   496
         Static Discharge  |       |     6 |    17 |    38 |    36 |     1 |       ||    98
         Airstrike         |       |       |    68 |   177 |   328 |   169 |    53 ||   795
         Freezing Cloud    |       |       |       |    41 |   203 |   236 |    78 ||   558
         Mephitic Cloud    |       |       |       |    23 |    29 |    19 |     4 ||    75
         Swiftness         |       |       |       |     6 |     5 |    18 |       ||    29
         Hailstorm         |       |       |       |     2 |       |       |       ||     2
         Arcjolt           |       |       |       |       |    33 |    63 |    12 ||   108
         Orb of Destructio |       |       |       |       |    49 |   203 |    74 ||   326
         Conjure Ball Ligh |       |       |       |       |       |    50 |     6 ||    56
         Summon Lightning  |       |       |       |       |       |     5 |    22 ||    27
  Evoke: Wand              |       |       |       |     2 |     2 |     6 |     1 ||    11
         Lightning rod     |       |       |       |       |     6 |     8 |     2 ||    16
         Phial of floods   |       |       |       |       |       |     1 |       ||     1
         Phantom mirror    |       |       |       |       |       |       |     1 ||     1
    Use: Scroll            |       |     1 |     4 |     6 |    16 |    10 |     1 ||    38
         Potion            |       |       |       |     1 |     4 |     4 |       ||     9
   Stab: Sleeping          |       |       |       |     1 |       |       |       ||     1
         Confused          |       |       |       |     1 |     2 |       |       ||     3
         Distracted        |       |       |       |       |       |       |     2 ||     2
 Armour: Robe              |     4 |    12 |    28 |   119 |   146 |   268 |    24 ||   601
         Leather armour    |       |       |       |       |       |       |    37 ||    37
  Dodge: Dodged            |     8 |    18 |    36 |   151 |   131 |   291 |    77 ||   712
  Block: Buckler           |       |       |       |       |    38 |    93 |    19 ||   150
         Reflection        |       |       |       |       |     3 |    21 |     8 ||    32

Levels and vault maps discovered:
D:1:      minmay_arrival_loop, layout_basic, serial_forest,
          infiniplex_forest_3_way, infiniplex_forest_lined_corner,
          infiniplex_forest_straight_4, infiniplex_forest_lined_2,
          infiniplex_forest_zigzag_1, infiniplex_forest_lined_ring,
          infiniplex_forest_lined_3, minmay_misc_feat_doors
D:2:      layout_basic, serial_shops, nicolae_shop_drivethru,
          dreamdust_princess_corridor, kennysheep_generic_room_2
D:3:      layout_loops_corners, minmay_rat_hole
D:4:      layout_rooms, minmay_temple_entry_ruins, grunt_ministairs_12
D:5:      layout_cave_pools, gammafunk_ghost_stat_death
D:6:      cheibrodos_thug_alley, layout_rooms, hex_tiny, minmay_parallelograms,
          minmay_manual_moon
D:7:      layout_loops_ring, nicolae_uskayaw_murder_on_the_dancefloor,
          serial_shops, nicolae_shop_gaudy_bauble,
          nicolae_twisty_statue_hallways, uniq_maggie, uniq_prince_ribbit1
D:8:      layout_layer_cave, mainiacjoe_overflow_catwalk
D:9:      layout_cave_pools, david_orc_4, serial_shops, shop,
          minmay_misc_feat_columns, roderic_batcave
D:10:     layout_irregular_city, minmay_mirror_moons_of_madness
D:11:     layout_basic, lair_entry_dummy, minivault_28, uniq_harold
D:12:     nicolae_hitomezashi [nicolae_hito_row, nicolae_hito_row,
          nicolae_hito_row, nicolae_hito_row, nicolae_hito_row,
          nicolae_hito_row, nicolae_hito_row, nicolae_hito_row,
          nicolae_hito_row, nicolae_hito_row, nicolae_hito_row,
          nicolae_hito_row, nicolae_hito_row, nicolae_hito_row,
          nicolae_hito_row, nicolae_hito_row, nicolae_hito_row,
          nicolae_hito_row], layout_loops_corners,
          gammafunk_ghost_nasty_kobolds, solitary_fountain
D:13:     layout_loops_ring, serial_shops, nicolae_shop_pleasant_corner_grove,
          enter_trove_3
D:14:     layout_roguey, david_vaults_3, minmay_misc_feat_tiny, uniq_josephine,
          uniq_azrael, uniq_kirke
D:15:     grunt_enter_depths_giant_problem, layout_small_grid,
          nemelex_spade_bored_becter, nicolae_ru_path_of_blood
Temple:   nicolae_temple_slightly_damp_pantheon
Lair:1:   layout_concentric_octagons, nzn_random_ring
Lair:2:   layout_gridlike, minmay_swamp_entry_swarm,
          guppyfry_snake_entry_island, uniq_amaemon
Lair:3:   layout_regular_city
Lair:4:   layout_regular_city, bobbens_dragon_lair_wall, grunt_megastairs_4
Lair:5:   grunt_lair_end_beastmaster, layout_loops_ring,
          nicolae_slime_entry_field_trip
Swamp:1:  layout_falls_marsh, evilmike_swamp_ruin_house_5, swamp_pool_5,
          nicolae_swamp_tree_designs, infiniplex_staircase_pool_2
Swamp:2:  layout_basic_swamp, evilmike_swamp_ruin_house_1,
          nicolae_swamp_decorative_isthmus
Swamp:3:  layout_falls_marsh, nicolae_swamp_feature_on_the_river_bank,
          nicolae_swamp_tree_isthmus
Swamp:4:  swamp_vile, layout_basic_swamp, nicolae_swamp_baby_hydras
Snake:1:  layout_honeycomb, serial_nicolae_subway, nicolae_sub_station_stone,
          nicolae_sub_station_metal, nicolae_sub_station_crystal,
          serial_bayou_shore_b, serial_bayou_shore_a, grunt_megastairs_5
Snake:2:  layout_rooms, uniq_vashnia
Snake:3:  layout_chambers, nicolae_snake_lava_pool, grunt_megastairs_1,
          minmay_shoptagon, lemuel_fruit_tree
Snake:4:  grunt_snake_rune_pools, layout_misc_corridors,
          portal_ice_cave_entry_ice_statue_one, nicolae_snake_squiggles
Orc:1:    layout_diamond_mine, serial_shops, shop, shop,
          nicolae_shop_back_alley_shop, nicolae_shop_gibbet_a_chance,
          nicolae_shop_trees, uniq_urug
Orc:2:    grunt_orc_tribal_feast, layout_diamond_mine
Vaults:1: v_misc_22, vaults_room_grunt_arrival_ludios, v_alt_pattern_1,
          vaults_dpeg_cross, nicolae_vaults_two_Ls,
          ontoclasm_vaults_loading_screen, nicolae_vaults_tetromino_T_2,
          nicolae_vaults_alarming, nicolae_vaults_rhombus_6,
          nicolae_vaults_offset_grid_hallway_3, layout_vaults_omnigrid,
          serial_shops, nicolae_shop_peninsula
Vaults:2: nicolae_vaults_specimen_jars, vaults_mumra_minichess_inversion,
          nicolae_vaults_house_2, nicolae_vaults_mitosis,
          nicolae_vaults_sightless_eye, nicolae_vaults_enemy_cabinets,
          v_misc_11, v_misc_11, vaults_room_grid, layout_vaults_maze_bifur,
          serial_shops, shop
Vaults:3: v_pattern_4, nicolae_vaults_offset_grid_hallway_1,
          nicolae_vaults_wrenched, nicolae_vaults_diamond_2,
          nicolae_vaults_steering_wheel, nicolae_vaults_tangram_2,
          nicolae_vaults_apartment_2, vaults_room_octagon,
          nicolae_vaults_heart-shaped_vault, vaults_mumra_lcd,
          minmay_crypt_entry_necro_gods, vaults_room_fours,
          nicolae_vaults_ring_of_whatevers, vaults_room_pools,
          nicolae_vaults_taking_the_gang_shopping, layout_vaults_big_cross,
          uniq_bai_suzhen
Depths:1: layout_gridlike, ebering_ghost_xom, pf_dread_powers_of_hell,
          serial_shops, nicolae_take_the_stairs, nrook_kobold_shadow_demons,
          infiniplex_staircase_pool_lava

Notes
Turn   | Place    | Note
-------+----------+-------------------------------------------
     0 | D:1      | quinnr the Tengu Air Elementalist began the quest for the
                  | Orb.
     0 | D:1      | Reached XP level 1. HP: 10/10 MP: 4/4
   164 | D:1      | Reached XP level 2. HP: 15/15 MP: 3/6
   306 | D:1      | Reached skill level 5 in Air Magic
   394 | D:1      | Got the Exposition on the Crevasse and Assembling
   608 | D:2      | Reached XP level 3. HP: 19/19 MP: 2/7
   871 | D:2      | Reached skill level 6 in Air Magic
  1098 | D:2      | Reached skill level 2 in Conjurations
  1098 | D:2      | Reached XP level 4. HP: 24/24 MP: 2/8
  1162 | D:2      | Found a transporter.
  1177 | D:2      | Found Owatzet's General Store.
  1179 | D:2      | Found a transporter.
  1185 | D:2      | Bought a scroll of noise for 13 gold pieces
  2225 | D:1      | Learned a level 2 spell: Static Discharge
  2550 | D:3      | Reached skill level 3 in Conjurations
  2907 | D:3      | Reached XP level 5. HP: 28/28 MP: 6/9
  3790 | D:4      | Noticed a black bear
  3817 | D:4      | Killed a black bear
  3818 | D:4      | Reached skill level 4 in Conjurations
  3818 | D:4      | Reached skill level 7 in Air Magic
  3818 | D:4      | Reached XP level 6. HP: 18/32 MP: 3/10
  3819 | D:4      | Reached skill level 8 in Air Magic
  3951 | D:4      | Reached skill level 1 in Fighting
  3955 | D:4      | Reached skill level 3 in Dodging
  4066 | D:4      | Found a staircase to the Ecumenical Temple.
  4080 | D:5      | Entered Level 5 of the Dungeon
  4094 | D:5      | Reached skill level 2 in Fighting
  4113 | Temple   | Entered the Ecumenical Temple
  4151 | Temple   | Became a worshipper of Vehumet
  4439 | D:5      | Gained mutation: Your magical flight helps you evade
                  | attacks. (EV +4) [Tengu growth]
  4439 | D:5      | Reached XP level 7. HP: 36/40 MP: 5/11
  4452 | D:4      | Learned a level 4 spell: Airstrike
  4630 | D:5      | Reached skill level 4 in Dodging
  4684 | D:5      | Reached skill level 3 in Fighting
  4892 | D:5      | Reached skill level 9 in Air Magic
  4967 | D:5      | Found a transporter.
  5050 | D:5      | Found a transporter.
  5063 | D:5      | Noticed SecretSquirrel's ghost (novice BaHu)
  5463 | D:6      | Reached XP level 8. HP: 46/46 MP: 5/12
  5698 | D:6      | Reached skill level 10 in Air Magic
  5923 | D:6      | Reached skill level 5 in Conjurations
  6042 | D:6      | Reached skill level 3 in Spellcasting
  6079 | D:6      | Reached skill level 5 in Dodging
  6079 | D:6      | Reached skill level 6 in Conjurations
  6181 | D:6      | Noticed a kobold demonologist
  6182 | D:6      | Noticed a gargoyle
  6184 | D:6      | Noticed an orange demon
  6186 | D:6      | Killed a kobold demonologist
  6187 | D:6      | Reached skill level 8 in Conjurations
  6451 | D:7      | Noticed Maggie
  6513 | D:7      | Reached XP level 9. HP: 50/50 MP: 14/14
  6535 | D:7      | Reached skill level 9 in Conjurations
  6594 | D:6      | Reached * piety under Vehumet
  6594 | D:6      | Offered knowledge of Kiss of Death by Vehumet.
  7037 | D:6      | Killed a gargoyle
  7038 | D:6      | Reached skill level 10 in Conjurations
  7038 | D:6      | Reached skill level 4 in Fighting
  7554 | D:7      | Reached skill level 5 in Fighting
  7833 | D:7      | Found Qanemah's Jewellery Shop.
  7852 | D:7      | Found a hide-covered altar of Uskayaw.
  8479 | D:7      | Killed Maggie
  8480 | D:7      | Reached skill level 6 in Dodging
  8480 | D:7      | Reached XP level 10. HP: 59/59 MP: 2/15
  8597 | D:7      | Reached skill level 11 in Conjurations
  8655 | D:7      | Reached skill level 11 in Air Magic
  8803 | D:7      | Noticed Prince Ribbit
  8821 | D:7      | Killed Prince Ribbit
  9625 | D:8      | Found a blossoming altar of Fedhas.
  9655 | D:8      | Offered knowledge of Sandblast by Vehumet.
  9775 | D:8      | Noticed a two-headed ogre
  9779 | D:8      | Killed a two-headed ogre
  9780 | D:8      | Reached skill level 12 in Conjurations
  9780 | D:8      | Reached skill level 12 in Air Magic
  9780 | D:8      | Reached skill level 4 in Spellcasting
 10515 | D:9      | Reached ** piety under Vehumet
 10516 | D:9      | Reached skill level 5 in Spellcasting
 10548 | D:8      | Learned a level 3 spell: Swiftness
 10688 | D:9      | Reached skill level 1 in Evocations
 10942 | D:9      | Reached skill level 3 in Stealth
 10948 | D:8      | Reached skill level 2 in Evocations
 11599 | D:9      | Found a staircase to the Orcish Mines.
 11656 | D:9      | Reached skill level 4 in Stealth
 11656 | D:9      | Reached skill level 3 in Evocations
 11656 | D:9      | Reached XP level 11. HP: 63/63 MP: 18/19
 11915 | D:9      | Offered knowledge of Frozen Ramparts by Vehumet.
 12026 | D:9      | Found Haavoz's Magic Scroll Emporium.
 12035 | D:9      | Bought a scroll of identify for 30 gold pieces
 12035 | D:9      | Bought a scroll of identify for 30 gold pieces
 12138 | D:9      | Reached skill level 13 in Conjurations
 12171 | D:9      | Reached *** piety under Vehumet
 12283 | D:9      | Learned a level 3 spell: Mephitic Cloud
 12289 | D:9      | Learned a level 5 spell: Freezing Cloud
 12350 | D:10     | Entered Level 10 of the Dungeon
 12653 | D:9      | Reached skill level 5 in Stealth
 12653 | D:9      | Reached skill level 4 in Evocations
 12718 | D:9      | Reached skill level 1 in Poison Magic
 13010 | D:10     | Offered knowledge of Ignite Poison by Vehumet.
 13011 | D:10     | Reached skill level 1 in Ice Magic
 13863 | D:10     | Reached skill level 2 in Poison Magic
 13968 | D:10     | Noticed a cyclops
 13988 | D:10     | Noticed a two-headed ogre
 13995 | D:10     | Killed a two-headed ogre
 13996 | D:10     | Reached skill level 2 in Ice Magic
 14376 | D:10     | Killed a cyclops
 14552 | D:10     | Reached skill level 6 in Stealth
 14552 | D:10     | Reached skill level 3 in Poison Magic
 14552 | D:10     | Reached skill level 5 in Evocations
 15019 | D:11     | Reached skill level 3 in Ice Magic
 15138 | D:11     | Found a staircase to the Lair.
 15145 | D:11     | Noticed a white ugly thing
 15153 | D:11     | Reached **** piety under Vehumet
 15189 | D:11     | Noticed a two-headed ogre
 15189 | D:11     | Noticed a cyclops
 15452 | D:11     | Noticed a centaur warrior
 15455 | D:11     | Noticed a boulder beetle
 15456 | D:11     | Noticed a centaur warrior
 15483 | D:11     | Reached skill level 4 in Poison Magic
 15708 | D:11     | Noticed a manticore
 15711 | D:11     | Killed a manticore
 15712 | D:11     | Reached skill level 14 in Conjurations
 15712 | D:11     | Reached XP level 12. HP: 68/68 MP: 19/20
 15788 | D:11     | Reached skill level 4 in Ice Magic
 15791 | D:11     | Offered knowledge of Hailstorm by Vehumet.
 15916 | D:11     | Reached skill level 5 in Poison Magic
 15927 | D:11     | Noticed a tengu warrior
 15953 | D:11     | Killed a tengu warrior
 15954 | D:11     | Reached skill level 5 in Ice Magic
 16248 | D:11     | Noticed a centaur warrior
 16256 | D:11     | Killed a centaur warrior
 16257 | D:11     | Reached skill level 6 in Poison Magic
 16288 | D:10     | Learned a level 3 spell: Hailstorm
 16376 | D:11     | Noticed an ogre mage
 16379 | D:11     | Killed an ogre mage
 16380 | D:11     | Reached skill level 1 in Shields
 16393 | D:11     | Reached skill level 2 in Shields
 16393 | D:11     | Reached skill level 6 in Ice Magic
 16667 | D:11     | Killed a centaur warrior
 16668 | D:11     | Reached skill level 3 in Shields
 16876 | D:11     | Killed a centaur warrior
 16877 | D:11     | Reached skill level 4 in Shields
 17021 | D:11     | Killed a two-headed ogre
 17022 | D:11     | Reached skill level 6 in Fighting
 17177 | D:11     | Noticed Harold
 17181 | D:11     | Killed Harold
 17428 | D:11     | Killed a boulder beetle
 17429 | D:11     | Reached skill level 7 in Fighting
 17610 | Lair:1   | Entered Level 1 of the Lair of Beasts
 17817 | Lair:1   | Reached skill level 8 in Fighting
 17818 | Lair:1   | Reached XP level 13. HP: 78/78 MP: 15/21
 18023 | Lair:1   | Reached skill level 9 in Fighting
 18290 | Lair:1   | Reached skill level 10 in Fighting
 18661 | Lair:1   | Reached skill level 6 in Spellcasting
 18726 | Lair:1   | Reached ***** piety under Vehumet
 18726 | Lair:1   | Offered knowledge of Arcjolt by Vehumet.
 19934 | Lair:2   | Reached skill level 7 in Spellcasting
 20372 | Lair:2   | Found a staircase to the Swamp.
 20531 | Lair:2   | Noticed Amaemon
 20535 | Lair:2   | Killed Amaemon
 20644 | Lair:2   | Reached skill level 7 in Dodging
 21167 | Lair:2   | Found a staircase to the Snake Pit.
 22624 | Lair:4   | Learned a level 5 spell: Arcjolt
 22731 | Lair:4   | Reached skill level 11 in Fighting
 22731 | Lair:4   | Reached XP level 14. HP: 52/90 MP: 9/25
 22837 | Lair:4   | Reached skill level 8 in Dodging
 23004 | Lair:4   | Identified 2 scrolls of acquirement
 23005 | Lair:4   | Acquired 1042 gold pieces
 23007 | Lair:4   | Acquired the scarf of Gluttony {rC+ rF+, rElec Dex+8}
 23192 | Lair:4   | Identified the +4 long sword "Egg" {venom, rC+ rCorr}
 23295 | Lair:4   | Reached skill level 7 in Ice Magic
 23950 | Lair:4   | Reached skill level 15 in Conjurations
 24011 | Lair:4   | Offered knowledge of Fireball by Vehumet.
 25176 | Lair:5   | Entered Level 5 of the Lair of Beasts
 25625 | Lair:5   | Found a viscous altar of Jiyva.
 25633 | Lair:5   | Found a staircase to the Slime Pits.
 25720 | Lair:5   | Identified the +2 cloak of Lunapari {Stlth+}
 25871 | Lair:5   | Reached skill level 8 in Ice Magic
 25942 | Lair:5   | Reached skill level 12 in Fighting
 26848 | Lair:5   | Reached skill level 8 in Spellcasting
 26909 | Lair:5   | Reached skill level 16 in Conjurations
 27272 | Lair:5   | Offered knowledge of Irradiate by Vehumet.
 27704 | Lair:5   | Reached XP level 15. HP: 96/96 MP: 21/28
 27828 | Lair:5   | Learned a level 7 spell: Orb of Destruction
 28024 | Lair:4   | Upgraded the game from 0.31-a0-1178-gc5c9b8f871 to
                  | 0.31-a0-1204-ge2c1a860ed
 28261 | Lair:5   | Identified the +7 falchion "Passaug" {freeze, *Noise Str+4
                  | Dex+6}
 28504 | Orc:1    | Entered Level 1 of the Orcish Mines
 28553 | Orc:1    | Found Geod's Weapon Emporium.
 28608 | Orc:1    | Found Buxeureq's Distillery.
 28674 | Orc:1    | Bought a potion of mutation for 88 gold pieces
 28674 | Orc:1    | Bought a potion of heal wounds for 55 gold pieces
 28674 | Orc:1    | Bought a potion of heal wounds for 55 gold pieces
 28715 | Orc:1    | Reached skill level 9 in Ice Magic
 29054 | Orc:1    | Found Tocyzad's Armour Emporium.
 29278 | Orc:1    | Found Badihae's Book Shoppe.
 29455 | Orc:2    | Entered Level 2 of the Orcish Mines
 29944 | Orc:2    | Found a staircase to the Elven Halls.
 30906 | Orc:2    | Reached skill level 17 in Conjurations
 31591 | Orc:2    | Found Dasuihoc's General Store.
 31591 | Orc:2    | Found Kikhla Guath's Assorted Antiques.
 31593 | Orc:2    | Found Zetyanaq's Weapon Shoppe.
 31593 | Orc:2    | Found Nocyheha's General Store.
 31876 | D:12     | Found a runed translucent gate.
 31876 | D:12     | Found a runed translucent gate.
 31876 | D:12     | Found a runed translucent gate.
 31877 | D:12     | Noticed Drain's ghost (journeyman HOFi)
 32186 | D:12     | Identified a potion of resistance
 32405 | D:12     | Reached skill level 10 in Ice Magic
 32883 | D:12     | Reached skill level 9 in Spellcasting
 33490 | D:13     | Found a portal to a secret trove of treasure.
 34776 | D:13     | Found Migatrem's Armour Shop.
 34905 | D:14     | Noticed Nessos
 34905 | D:14     | Noticed Lodul
 34905 | D:14     | Noticed Urug
 34905 | D:14     | Found a gate to the Vaults.
 35242 | D:14     | Killed Lodul
 35363 | D:14     | Reached skill level 1 in Short Blades
 35363 | D:14     | Reached skill level 18 in Conjurations
 35737 | D:14     | Killed Nessos
 35738 | D:14     | Reached skill level 2 in Short Blades
 35981 | D:14     | Noticed Azrael
 35989 | D:14     | Killed Azrael
 36147 | D:14     | Offered knowledge of Spellforged Servitor by Vehumet.
 36151 | D:14     | Reached XP level 16. HP: 101/101 MP: 24/30
 36156 | D:14     | Killed Urug
 36157 | D:14     | Reached skill level 9 in Dodging
 36432 | D:14     | Reached skill level 3 in Short Blades
 36451 | D:14     | Noticed Kirke
 36457 | D:14     | Killed Kirke
 36458 | D:14     | Reached skill level 10 in Spellcasting
 36649 | D:14     | Noticed Josephine
 36655 | D:14     | Killed Josephine
 37177 | D:14     | Reached ****** piety under Vehumet
 37178 | D:14     | Reached skill level 4 in Short Blades
 37590 | D:15     | Entered Level 15 of the Dungeon
 38248 | D:15     | Found a staircase to the Depths.
 38313 | D:15     | Found a sacrificial altar of Ru.
 38406 | D:15     | Found a sparkling altar of Nemelex Xobeh.
 38600 | D:15     | Reached skill level 5 in Short Blades
 38825 | Depths:1 | Entered Level 1 of the Depths
 39064 | Depths:1 | Reached skill level 10 in Dodging
 39617 | D:15     | Reached skill level 19 in Conjurations
 40096 | D:5      | Learned a level 6 spell: Conjure Ball Lightning
 40127 | D:5      | Killed SecretSquirrel's ghost
 40742 | D:12     | Killed Drain's ghost
 41609 | Swamp:1  | Entered Level 1 of the Swamp
 42320 | Swamp:1  | Reached skill level 11 in Spellcasting
 42321 | Swamp:1  | Offered knowledge of Yara's Violent Unravelling by Vehumet.
 42972 | Swamp:1  | Identified the +2 whip of Judi Mel {antimagic, rN+ Str+4}
 43677 | Swamp:2  | Reached skill level 11 in Dodging
 43737 | Swamp:2  | Reached XP level 17. HP: 108/108 MP: 32/33
 45228 | Swamp:3  | Identified the +3 ring mail of Knowledge {Harm rN+ Will-}
 45733 | Swamp:4  | Entered Level 4 of the Swamp
 45791 | Swamp:3  | Reached skill level 13 in Fighting
 46004 | Swamp:4  | Reached skill level 20 in Conjurations
 46355 | Swamp:4  | Reached skill level 12 in Dodging
 46588 | Swamp:4  | Reached skill level 12 in Spellcasting
 47089 | Swamp:4  | Offered knowledge of Plasma Beam by Vehumet.
 47106 | Swamp:4  | Reached skill level 13 in Dodging
 47526 | Swamp:4  | Reached skill level 14 in Dodging
 47858 | Swamp:4  | Got a decaying rune of Zot
 48268 | Orc:2    | Learned a level 4 spell: Summon Lightning Spire
 48470 | Snake:1  | Entered Level 1 of the Snake Pit
 48478 | Snake:1  | Found a transporter.
 48479 | Snake:1  | Found a transporter.
 48643 | Snake:1  | Reached skill level 1 in Summonings
 48671 | Snake:1  | Found a transporter.
 48674 | Snake:1  | Found a transporter.
 48720 | Snake:1  | Reached skill level 2 in Summonings
 48823 | Snake:1  | Found a transporter.
 48830 | Snake:1  | Found a transporter.
 49080 | Snake:1  | Reached XP level 18. HP: 114/114 MP: 34/35
 49102 | Snake:1  | Reached skill level 3 in Summonings
 49598 | Snake:1  | Reached skill level 4 in Summonings
 50354 | Snake:2  | Reached skill level 5 in Summonings
 50452 | Snake:2  | Noticed Vashnia
 50672 | Snake:2  | Killed Vashnia
 50932 | Snake:2  | Reached skill level 6 in Summonings
 51438 | Snake:3  | Offered knowledge of Lehudib's Crystal Spear by Vehumet.
 51949 | Snake:3  | Found Lotimpie's General Store.
 51949 | Snake:3  | Found Urphoehy's Armour Shoppe.
 51956 | Snake:3  | Identified the +7 rapier of the New World {pain, Dex+6}
 52105 | Snake:3  | Reached skill level 7 in Summonings
 53175 | Snake:4  | Entered Level 4 of the Snake Pit
 53344 | Snake:4  | Found a frozen archway.
 53357 | IceCv    | Entered an ice cave
 53362 | IceCv    | Reached skill level 8 in Summonings
 53562 | IceCv    | Found a transporter.
 53568 | IceCv    | Identified a +3 leather armour of resistance
 53571 | IceCv    | Found a transporter.
 54052 | Snake:4  | Reached skill level 1 in Armour
 54379 | Snake:4  | Offered knowledge of Fire Storm by Vehumet.
 54379 | Snake:4  | Offered knowledge of Chain Lightning by Vehumet.
 54379 | Snake:4  | Offered knowledge of Polar Vortex by Vehumet.
 54393 | Snake:4  | Reached skill level 2 in Armour
 54478 | Snake:4  | Reached skill level 15 in Dodging
 54484 | Snake:3  | Reached skill level 3 in Armour
 54484 | Snake:3  | Reached skill level 9 in Summonings
 54742 | Snake:4  | Reached skill level 13 in Spellcasting
 54829 | Snake:4  | Reached skill level 21 in Conjurations
 54837 | Snake:4  | Reached skill level 4 in Armour
 54927 | Snake:3  | Reached XP level 19. HP: 90/119 MP: 24/37
 55609 | Snake:4  | Got a serpentine rune of Zot
 56634 | Vaults:1 | Entered Level 1 of the Vaults
 56796 | Vaults:1 | Found Kaplaretsyz's Assorted Antiques.
 56850 | Vaults:1 | Reached skill level 16 in Dodging
 57071 | Vaults:1 | Bought a scroll of identify for 68 gold pieces
 57133 | Vaults:1 | Reached skill level 22 in Conjurations
 57887 | Vaults:1 | Reached skill level 23 in Conjurations
 58408 | Vaults:1 | Identified the +1 chain mail of Generosity {Str+6}
 58858 | Vaults:1 | Reached skill level 24 in Conjurations
 59415 | Vaults:2 | Found Zagoh's General Store.
 59496 | Vaults:2 | Bought a scroll of blinking for 90 gold pieces
 59558 | Vaults:2 | Killed from afar by a war gargoyle

Vanquished Creatures
  Vashnia (Snake:2)
  Kirke (D:14)
  2 nagarajas (Snake:4)
  A fenstrider witch (Swamp:4)
  A fire giant (D:15)
  A vault warden (Vaults:2)
  4 very ugly things
  5 ironbound preservers (Vaults:1)
  An ironbound thunderhulk (Vaults:1)
  2 spriggan defenders (D:15)
  Nessos (D:14)
  2 eleionomae (Swamp:2)
  Azrael (D:14)
  8 dire elephants
  The ghost of Drain the Cleaver, a journeyman HOFi of Vehumet (D:12)
  A yaktaur captain (Vaults:1)
  2 green deaths (Swamp:4)
  2 ettins (Vaults:2)
  Josephine (D:14)
  A fire dragon (Lair:4)
  3 great orbs of eyes
  A rakshasa (Depths:1)
  A vault guard (Vaults:1)
  An ice dragon (D:15)
  2 hell beasts (Swamp:4)
  22 hydras
  Harold (D:11)
  A peacekeeper (Vaults:2)
  A salamander tyrant (Snake:4)
  2 catoblepae
  An ogre mage (D:11)
  2 ghost crabs
  2 ironbound frosthearts (Vaults:1)
  10 alligators
  9 centaur warriors
  3 two-headed ogres
  7 anacondas
  9 boulder beetles
  19 naga warriors
  A death knight (D:13)
  8 death yaks
  2 deep troll shamans
  15 naga sharpshooters
  Urug (D:14)
  7 shock serpents
  2 thrashing horrors (Swamp:4)
  5 tengu warriors
  3 hell knights
  3 orc high priests (Orc:2)
  Amaemon (Lair:2)
  6 salamander mystics
  3 goliath frogs
  A sea snake (Snake:1)
  4 skeletal warriors (D:12)
  An orange crystal statue (IceCv)
  7 swamp dragons
  Lodul (D:14)
  7 bog bodies
  4 spriggan druids
  4 naga ritualists
  A harpy (shapeshifter) (D:15)
  An arcanist (Vaults:1)
  11 deep trolls (Vaults:1)
  4 ironbound convokers
  5 mana vipers
  A lindwurm (Lair:4)
  6 orc knights
  A phantasmal warrior (D:13)
  6 deep elf pyromancers
  2 manticores
  A necromancer (Depths:1)
  4 orc sorcerers (Orc:2)
  8 cyclopes
  23 ugly things
  14 salamanders
  A wolf spider (D:11)
  4 will-o-the-wisps
  3 vault sentinels (Vaults:1)
  4 kobold blastminers (Orc:2)
  10 guardian serpents
  An ice statue (Snake:4)
  8 elephants
  14 naga magi
  36 black mambas
  10 cane toads
  A torpor snail (Lair:5)
  The ghost of SecretSquirrel the Shooter, a novice BaHu of Dithmenos (D:5)
  3 orange demons
  4 gargoyles
  5 kobold demonologists
  Maggie (D:7)
  4 unseen horrors
  16 rime drakes
  4 freezing wraiths
  A tengu conjurer (Depths:1)
  3 yaktaurs (Vaults:1)
  2 anaconda simulacra (IceCv)
  9 komodo dragons
  A golden dragon simulacrum (IceCv)
  4 polar bears
  3 bloated husks
  10 trolls
  10 tyrant leeches
  A glass eye (Depths:1)
  6 hornets
  15 blink frogs
  Prince Ribbit (D:7)
  An alligator simulacrum (IceCv)
  6 dream sheep (Lair:4)
  A centaur simulacrum (D:10)
  22 slime creatures
  2 water elementals (Depths:1)
  10 spriggans
  4 shadows
  A small abomination (Swamp:4)
  6 wraiths
  4 wyverns
  16 humans
  42 yaks
  3 fire elementals (D:14)
  3 hogs (D:14)
  15 steam dragons
  5 basilisks
  6 vampire mosquitoes (Lair:2)
  11 swamp worms
  A harpy simulacrum (IceCv)
  4 acid dragons
  34 nagas
  4 hell hounds (D:14)
  4 wargs (Orc:1)
  15 water moccasins
  5 swamp drakes (Swamp:1)
  3 ice beasts
  2 sky beasts (D:7)
  3 black bears
  15 orc warriors
  7 ogres
  11 wolves
  4 boggarts (D:15)
  14 centaurs
  12 kobold brigands
  A gnoll sergeant (D:9)
  A scorpion (D:5)
  11 bullfrogs
  14 wights
  3 lindwurm simulacra (IceCv)
  12 killer bees
  3 electric eels
  A vampire bat (D:9)
  11 howler monkeys
  2 hounds
  3 quasits (D:5)
  5 jellies
  8 orc priests
  4 gnoll boudas
  A sleepcap (D:6)
  5 iguanas
  14 orc wizards
  20 gnolls
  6 adders
  A shadow imp (D:5)
  2 white imps
  2 ufetubi (D:6)
  2 worms
  3 dart slugs
  47 orcs
  13 bats
  7 endoplasms
  A giant cockroach (D:1)
  5 goblins
  10 hobgoblins
  6 quokkas
  12 ball pythons
  3 frilled lizards
  26 kobolds
  30 rats
1097 creatures vanquished.

Vanquished Creatures (collateral kills)
  A vault warden (Vaults:1)
  3 ironbound preservers (Vaults:1)
  2 dire elephants (Vaults:1)
  An anaconda (Snake:2)
  2 naga warriors (Snake:4)
  6 deep trolls (Vaults:1)
  A naga ritualist (Snake:4)
  An arcanist (Vaults:1)
  An ironbound convoker (Vaults:1)
  A black mamba (Snake:3)
  2 vault sentinels (Vaults:1)
  A yaktaur (Vaults:1)
  A slime creature (Vaults:2)
  A ball lightning (Swamp:4)
24 creatures vanquished.

Vanquished Creatures (others)
  A deep elf pyromancer (D:14)
  2 bloated husks (Swamp:4)
  A human (D:14)
  A meliai simulacrum (D:14)
  An orc wizard (Orc:2)
  136 ball lightnings
  8 foxfires
150 creatures vanquished.

Grand Total: 1271 creatures vanquished

Table legend: (Time is in decaauts)
 A = Elapsed time spent in this place.
 B = Non-inter-level travel time spent in this place.
 C = Inter-level travel time spent in this place.
 D = Time resting spent in this place.
 E = Time spent auto-exploring this place.
 F = Levels seen in this place.
 G = Mean time per level.
                   A        B        C        D        E       F      G
               +--------+--------+--------+--------+--------+-----+--------+
         Total |  59672 |  55262 |   4410 |  11583 |  34419 |  36 | 1657.6 |
       Dungeon |  28185 |  25971 |   2214 |   6003 |  15954 |  15 | 1879.0 |
        Temple |     59 |     18 |     41 |      0 |     17 |   1 |   59.0 |
          Lair |  10873 |   9960 |    913 |   1397 |   7038 |   5 | 2174.6 |
         Swamp |   6232 |   5931 |    301 |   1256 |   3688 |   4 | 1558.0 |
     Snake Pit |   7524 |   7054 |    470 |   1841 |   3801 |   4 | 1881.0 |
  Orcish Mines |   3290 |   3084 |    206 |    319 |   2364 |   2 | 1645.0 |
        Vaults |   2719 |   2457 |    262 |    340 |   1473 |   3 |  906.3 |
        Depths |    250 |    250 |      0 |     27 |     78 |   1 |  250.0 |
      Ice Cave |    538 |    538 |      0 |    400 |      6 |   1 |  538.0 |
               +--------+--------+--------+--------+--------+-----+--------+

Top non-repeatable levels by time:
  Lair:4: 2883 daAuts
    D:10: 2796 daAuts
 Snake:3: 2763 daAuts
    D:12: 2581 daAuts
    D:14: 2578 daAuts
     D:9: 2575 daAuts
    D:11: 2547 daAuts
  Lair:5: 2529 daAuts
Vaults:1: 2423 daAuts
 Snake:1: 2327 daAuts
   Orc:2: 2250 daAuts
     D:6: 2036 daAuts
  Lair:2: 1941 daAuts
    D:15: 1928 daAuts
     D:8: 1865 daAuts

Table legend:
 A = Non-vault XP
 B = Vault XP
 C = Vault XP percentage of total XP
 D = Non-vault monster count
 E = Vault monster count
 F = Vault count percentage of total count
                 A         B        C        D         E       F
            +---------+---------+-------+---------+---------+-------
      Total |  248844 |  143756 |  36.6 |     749 |     373 |  33.2
            +---------+---------+-------+---------+---------+-------
        D:1 |      45 |       0 |   0.0 |      27 |       0 |   0.0
        D:2 |      78 |       3 |   3.7 |      23 |       3 |  11.5
        D:3 |      52 |      20 |  27.8 |      21 |      19 |  47.5
        D:4 |     352 |       5 |   1.4 |       9 |       2 |  18.2
        D:5 |     622 |     558 |  47.3 |      13 |       4 |  23.5
        D:6 |    1005 |     999 |  49.9 |      17 |      15 |  46.9
        D:7 |    1490 |     663 |  30.8 |      32 |       2 |   5.9
        D:8 |    1956 |       0 |   0.0 |      16 |       0 |   0.0
        D:9 |    4689 |     807 |  14.7 |      33 |      25 |  43.1
       D:10 |    2256 |    1906 |  45.8 |      24 |       7 |  22.6
       D:11 |    5265 |    9454 |  64.2 |      22 |      14 |  38.9
       D:12 |    7542 |    2893 |  27.7 |      15 |      12 |  44.4
       D:13 |    8211 |     202 |   2.4 |      17 |       1 |   5.6
       D:14 |   11129 |   11277 |  50.3 |      22 |      36 |  62.1
       D:15 |   14712 |    1252 |   7.8 |      24 |       1 |   4.0
     Lair:1 |    5528 |    4716 |  46.0 |      22 |      15 |  40.5
     Lair:2 |    3218 |    2682 |  45.5 |      13 |      11 |  45.8
     Lair:3 |    3630 |       0 |   0.0 |      12 |       0 |   0.0
     Lair:4 |    8994 |    9382 |  51.1 |      30 |      31 |  50.8
     Lair:5 |   10588 |    8673 |  45.0 |      34 |      19 |  35.8
    Swamp:1 |   11794 |     409 |   3.4 |      28 |       3 |   9.7
    Swamp:2 |   16673 |       0 |   0.0 |      30 |       0 |   0.0
    Swamp:3 |    9997 |       0 |   0.0 |      16 |       0 |   0.0
    Swamp:4 |    7446 |   25076 |  77.1 |      20 |      35 |  63.6
    Snake:1 |   14798 |    1866 |  11.2 |      30 |       6 |  16.7
    Snake:2 |   11309 |    5117 |  31.2 |      24 |       4 |  14.3
    Snake:3 |   10777 |   10655 |  49.7 |      22 |      20 |  47.6
    Snake:4 |   20325 |   22230 |  52.2 |      36 |      34 |  48.6
      Orc:1 |    2289 |       0 |   0.0 |      21 |       0 |   0.0
      Orc:2 |    3113 |    8216 |  72.5 |      22 |      29 |  56.9
   Vaults:1 |   42994 |    5991 |  12.2 |      61 |       8 |  11.6
   Vaults:2 |    2696 |    3468 |  56.3 |       6 |       4 |  40.0
   Depths:1 |    3271 |       0 |   0.0 |       7 |       0 |   0.0
      IceCv |       0 |    5236 | 100.0 |       0 |      13 | 100.0
            +---------+---------+-------+---------+---------+-------

Levels and vault maps discovered:
D:1:      minmay_arrival_loop, layout_basic, serial_forest,
          infiniplex_forest_3_way, infiniplex_forest_lined_corner,
          infiniplex_forest_straight_4, infiniplex_forest_lined_2,
          infiniplex_forest_zigzag_1, infiniplex_forest_lined_ring,
          infiniplex_forest_lined_3, minmay_misc_feat_doors
D:2:      layout_basic, serial_shops, nicolae_shop_drivethru,
          dreamdust_princess_corridor, kennysheep_generic_room_2
D:3:      layout_loops_corners, minmay_rat_hole
D:4:      layout_rooms, minmay_temple_entry_ruins, grunt_ministairs_12
D:5:      layout_cave_pools, gammafunk_ghost_stat_death
D:6:      cheibrodos_thug_alley, layout_rooms, hex_tiny, minmay_parallelograms,
          minmay_manual_moon
D:7:      layout_loops_ring, nicolae_uskayaw_murder_on_the_dancefloor,
          serial_shops, nicolae_shop_gaudy_bauble,
          nicolae_twisty_statue_hallways, uniq_maggie, uniq_prince_ribbit1
D:8:      layout_layer_cave, mainiacjoe_overflow_catwalk
D:9:      layout_cave_pools, david_orc_4, serial_shops, shop,
          minmay_misc_feat_columns, roderic_batcave
D:10:     layout_irregular_city, minmay_mirror_moons_of_madness
D:11:     layout_basic, lair_entry_dummy, minivault_28, uniq_harold
D:12:     nicolae_hitomezashi [nicolae_hito_row, nicolae_hito_row,
          nicolae_hito_row, nicolae_hito_row, nicolae_hito_row,
          nicolae_hito_row, nicolae_hito_row, nicolae_hito_row,
          nicolae_hito_row, nicolae_hito_row, nicolae_hito_row,
          nicolae_hito_row, nicolae_hito_row, nicolae_hito_row,
          nicolae_hito_row, nicolae_hito_row, nicolae_hito_row,
          nicolae_hito_row], layout_loops_corners,
          gammafunk_ghost_nasty_kobolds, solitary_fountain
D:13:     layout_loops_ring, serial_shops, nicolae_shop_pleasant_corner_grove,
          enter_trove_3
D:14:     layout_roguey, david_vaults_3, minmay_misc_feat_tiny, uniq_josephine,
          uniq_azrael, uniq_kirke
D:15:     grunt_enter_depths_giant_problem, layout_small_grid,
          nemelex_spade_bored_becter, nicolae_ru_path_of_blood
Temple:   nicolae_temple_slightly_damp_pantheon
Lair:1:   layout_concentric_octagons, nzn_random_ring
Lair:2:   layout_gridlike, minmay_swamp_entry_swarm,
          guppyfry_snake_entry_island, uniq_amaemon
Lair:3:   layout_regular_city
Lair:4:   layout_regular_city, bobbens_dragon_lair_wall, grunt_megastairs_4
Lair:5:   grunt_lair_end_beastmaster, layout_loops_ring,
          nicolae_slime_entry_field_trip
Swamp:1:  layout_falls_marsh, evilmike_swamp_ruin_house_5, swamp_pool_5,
          nicolae_swamp_tree_designs, infiniplex_staircase_pool_2
Swamp:2:  layout_basic_swamp, evilmike_swamp_ruin_house_1,
          nicolae_swamp_decorative_isthmus
Swamp:3:  layout_falls_marsh, nicolae_swamp_feature_on_the_river_bank,
          nicolae_swamp_tree_isthmus
Swamp:4:  swamp_vile, layout_basic_swamp, nicolae_swamp_baby_hydras
Snake:1:  layout_honeycomb, serial_nicolae_subway, nicolae_sub_station_stone,
          nicolae_sub_station_metal, nicolae_sub_station_crystal,
          serial_bayou_shore_b, serial_bayou_shore_a, grunt_megastairs_5
Snake:2:  layout_rooms, uniq_vashnia
Snake:3:  layout_chambers, nicolae_snake_lava_pool, grunt_megastairs_1,
          minmay_shoptagon, lemuel_fruit_tree
Snake:4:  grunt_snake_rune_pools, layout_misc_corridors,
          portal_ice_cave_entry_ice_statue_one, nicolae_snake_squiggles
Orc:1:    layout_diamond_mine, serial_shops, shop, shop,
          nicolae_shop_back_alley_shop, nicolae_shop_gibbet_a_chance,
          nicolae_shop_trees, uniq_urug
Orc:2:    grunt_orc_tribal_feast, layout_diamond_mine
Vaults:1: v_misc_22, vaults_room_grunt_arrival_ludios, v_alt_pattern_1,
          vaults_dpeg_cross, nicolae_vaults_two_Ls,
          ontoclasm_vaults_loading_screen, nicolae_vaults_tetromino_T_2,
          nicolae_vaults_alarming, nicolae_vaults_rhombus_6,
          nicolae_vaults_offset_grid_hallway_3, layout_vaults_omnigrid,
          serial_shops, nicolae_shop_peninsula
Vaults:2: nicolae_vaults_specimen_jars, vaults_mumra_minichess_inversion,
          nicolae_vaults_house_2, nicolae_vaults_mitosis,
          nicolae_vaults_sightless_eye, nicolae_vaults_enemy_cabinets,
          v_misc_11, v_misc_11, vaults_room_grid, layout_vaults_maze_bifur,
          serial_shops, shop
Vaults:3: v_pattern_4, nicolae_vaults_offset_grid_hallway_1,
          nicolae_vaults_wrenched, nicolae_vaults_diamond_2,
          nicolae_vaults_steering_wheel, nicolae_vaults_tangram_2,
          nicolae_vaults_apartment_2, vaults_room_octagon,
          nicolae_vaults_heart-shaped_vault, vaults_mumra_lcd,
          minmay_crypt_entry_necro_gods, vaults_room_fours,
          nicolae_vaults_ring_of_whatevers, vaults_room_pools,
          nicolae_vaults_taking_the_gang_shopping, layout_vaults_big_cross,
          uniq_bai_suzhen
Depths:1: layout_gridlike, ebering_ghost_xom, pf_dread_powers_of_hell,
          serial_shops, nicolae_take_the_stairs, nrook_kobold_shadow_demons,
          infiniplex_staircase_pool_lava
